AoeStats
← Kafaarkasi

Arena

509209134Analyzed
1v1 RM · 8d ago on Sep 25, 2026· 46m 58s· 2 players
Game mode
Random Map
Map size
Tiny (2 player)
Population
200
Speed
Normal
Resources
Standard
Victory
Conquest
Starting age
Dark Age
Ending age
Imperial Age
RankedLock teamsTeams togetherTeam positionsShared explorationLock speedFull tech treeHidden civsTurbo modeCheats
Victory
Defeat
🇺🇸 Lithuanians · United States
851
+15
🇹🇷 Turks · Türkiye
822
-15
simonfrazier0
11:45 Feudal Age
16:20 Castle Age
16:36 Bloodlines
25:11 Double-Bit Axe
25:44 Loom
31:29 Imperial Age
29:02 Gold Mining
29:56 Forging
29:51 Scale Barding Armor
29:41 Horse Collar
32:19 Wheelbarrow
31:30 Town Watch
32:21 Ballistics
33:24 Bow Saw
32:36 Cavalier
34:30 Light Cavalry
35:12 Husbandry
35:48 Iron Casting
35:19 Scale Barding Armor
36:09 Paladin
37:48 Heavy Plow
38:02 Stone Mining
38:22 Winged Hussar
40:21 Chain Barding Armor
41:43 Capped Ram
43:18 Plate Barding Armor
Kafaarkasi
9:27 Feudal Age
9:56 Double-Bit Axe
17:21 Castle Age
15:13 Horse Collar
17:35 Scale Barding Armor
17:43 Forging
18:49 Bow Saw
18:44 Heavy Plow
23:21 Treadmill Crane
24:24 Wheelbarrow
29:03 Imperial Age
27:59 Gold Mining
28:01 Stone Mining
29:58 Ballistics
30:20 Hand Cart
30:38 Artillery
32:55 Two-Man Saw
34:49 Gold Shaft Mining
34:11 Elite Janissary
35:59 Bloodlines
35:49 Husbandry
37:05 Loom
38:00 Padded Archer Armor
38:21 Chain Barding Armor
38:36 Iron Casting
37:52 Fletching
40:56 Squires
41:20 Bombard Tower
42:20 Plate Barding Armor
42:46 Blast Furnace
47:43 Leather Archer Armor
47:24 Bodkin Arrow
47:03 Sappers
48:09 Hoardings
Connection lost

Rejoining the realm…

Still unreachable

The connection could not be restored.

Session expired

The server has moved on; the page needs a fresh start.